 Dungeon Crawl Stone Soup version 0.29.1-15-g9cfb28693d (webtiles) character file.

Game seed: 10245711575926390926

13 hawla the Firebug (level 2, -2/20 HPs)
             Began as a Meteoran Fire Elementalist on Apr 25, 2023.
             Slain by an orc
             ... wielding a +0 hand axe
              (4 damage)
             ... on level 3 of the Dungeon.
             The game lasted 00:01:35 (150 turns).

hawla the Firebug (Meteoran Fire Elementalist)       Turns: 150, Time: 00:01:36

Health: -2/20      AC:  2    Str:  9    XL:     2   Next: 70%
Magic:  1/6        EV: 12    Int: 16    God:
Gold:   0          SH:  0    Dex: 14    Spells: 5/6 levels left

rFire   . . .      SeeInvis .   (no weapon)
rCold   . . .      Faith    .   (no shield)
rNeg    . . .      Spirit   .   a - +0 robe
rPois   .          Reflect  .   (no helmet)
rElec   .          Harm     .   (no cloak)
rCorr   .          Rampage  .   (no gloves)
Will    .....                   (no boots)
Stlth   +.........              (no amulet)
HPRegen 0.06/turn               (no ring)
MPRegen 0.10/turn               (no ring)

@: glowing
A: sense surroundings 1, otherworldly, glowing, explore regen
a: no special abilities


You were on level 3 of the Dungeon.
You visited 1 branch of the dungeon, and saw 3 of its levels.

Inventory:

Armour
 a - a +0 robe (worn)
Scrolls
 b - a scroll of identify {unknown}
 d - a scroll of teleportation {unknown}


   Skills:
 + Level 2.4 Dodging
 - Level 1.4 Stealth
 + Level 2.8 Spellcasting
 + Level 1.5 Conjurations
 + Level 4.3 Fire Magic


You had 5 spell levels left.
You knew the following spells:

 Your Spells              Type           Power      Damage    Failure   Level
a - Foxfire               Conj/Fire      44%        2x1d6     6%          1

Your spell library contained the following spells:

 Spells                   Type           Power      Damage    Failure   Level
 Scorch                   Fire           32%        2d7       4%          2
 Conjure Flame            Conj/Fire      11%        6-21      17%         3
 Inner Flame              Hex/Fire       9%         N/A       24%         3
 Flame Wave               Conj/Fire      11%        2d6       50%         4


Dungeon Overview and Level Annotations

Branches:
Dungeon (3/15) Zot: 1649

Altars:


Innate Abilities, Weirdness & Mutations

You passively map a small area around you.
You are easily found by Zot.
You glow in the dark.
You regain HP and MP as you explore.


Message History

The foxfire hits the orc.
The orc is lightly wounded.
Casting: Foxfire (safe; 6% risk of failure)
Confirm with . or Enter, or press ? or * to list all spells.
You conjure some foxfire!
The orc barely misses you.
The orc hits your foxfire with a +0 hand axe.
The foxfire hits the orc.
The orc is moderately wounded.
You hit the orc but do no damage.
The orc is moderately wounded.
The foxfire hits the orc.
The orc is heavily wounded.
The orc hits you with a +0 hand axe.
Casting: Foxfire (safe; 6% risk of failure)
Confirm with . or Enter, or press ? or * to list all spells.
You conjure some foxfire!
The orc barely misses you. The orc hits you with a +0 mace. Something hits you.
You barely miss the orc.
The orc is lightly wounded.
The foxfire hits something.
The orc closely misses you. Something hits you.
The orc hits you with a +0 mace.
* * * LOW HITPOINT WARNING * * *
Unknown command.
It was a potion of curing.
You feel better. The orc hits you with a +0 hand axe.
The orc hits you but does no damage. Something hits you.
Casting: Foxfire (safe; 6% risk of failure)
Confirm with . or Enter, or press ? or * to list all spells.
You conjure some foxfire!
The orc closely misses you. The orc barely misses you.
Something hits you but does no damage.
Your magical contamination has completely faded away.
You miss something.
The foxfire hits something.
The orc hits you with a +0 hand axe.
* * * LOW HITPOINT WARNING * * *
Something hits you.
* * * LOW HITPOINT WARNING * * *
The orc hits you with a +0 mace.
* * * LOW HITPOINT WARNING * * *
You barely miss something. The orc hits you with a +0 hand axe.
You die...

, * , *, .....
, #.#.#*
#.#.#####
*,*#........ *
#........
#........ , ,
#oo...... * ,
#@)...... ,
#.#.###.. *
#.#,#, , , , ,
, #.# .. * *
#####.#+#+#...
#.............
#.............
#..."........
*
#..........##


You could see 2 orcs.

Vanquished Creatures
  A dart slug (D:1)
  An orc (D:3)
  A bat (D:1)
  An endoplasm (D:1)
  A giant cockroach (D:1)
  2 hobgoblins (D:1)
  A quokka (D:1)
8 creatures vanquished.

Vanquished Creatures (others)
  29 foxfires
29 creatures vanquished.

Grand Total: 37 creatures vanquished

Notes
Turn   | Place    | Note
-------+----------+-------------------------------------------
     0 | D:1      | hawla the Meteoran Fire Elementalist began the quest for
                  | the Orb.
     0 | D:1      | Reached XP level 1. HP: 14/14 MP: 5/5
    47 | D:1      | Reached skill level 4 in Fire Magic
    47 | D:1      | Reached XP level 2. HP: 8/20 MP: 1/6
   150 | D:3      | Slain by an orc

Illustrated notes

Levels and vault maps discovered:
D:1:      ncdulo_lavacross, layout_basic, minmay_cut_off
D:2:      layout_basic, basic_altar,
          hellmonk_ecumenical_altar_pennies_from_heaven,
          chequers_serial_rivers_room_a
D:3:      layout_basic, lemuel_doored_altar, nemelex_dance_club_becter

Skill      XL: |  1 |
---------------+----+-----
Fire Magic     | 4 |  4.3
Dodging        | |  2.4
Stealth        | |  1.4
Spellcasting   | |  2.8
Conjurations   | |  1.5

Action                   || total
-------------------------++-------
Melee: Unarmed           ||    10
 Cast: Foxfire           ||    18
  Use: Potion            ||     2
Armor: Robe              ||     4
Dodge: Dodged            ||    15
